Map: Prion Terraces

Players

Miszu - Winner!

  • Race: Terran Terran
  • League: Master

Dexter

  • Race: Zerg Zerg
  • League: Master

VOD

Have the link to the VOD?

Description

Time

  • Played on: March 13, 2016, 12:47 p.m.
  • Length: 20:54
Show
View Real Time Build Order
Export as new Build Order

Miszu Terran - Winner!

Build Orders: Reaper Expand, MMM Bio, Banshee Rush 

Get SALT Encoding   

  12  0:00  SCV  
  13  0:13  SCV  
  14  0:20  Supply Depot  
  14  0:25  SCV  
  15  0:41  SCV  
  16  0:43  Barracks  
  16  0:44  Refinery  
  16  0:53  SCV  
  17  1:06  SCV  
  18  1:18  SCV  
  19  1:31  Reaper, Orbital Command  
  20  1:39  Command Center  
  20  1:47  Supply Depot  
  20  1:54  Refinery  
  20  1:56  SCV  
  21  2:05  Factory  
  21  2:11  SCV  
  22  2:21  Barracks Reactor  
  22  2:23  SCV  
  23  2:35  SCV  
  24  2:47  SCV  
  26  2:54  Starport  
  26  2:55  Orbital Command  
  26  2:57  Factory Tech Lab  
  25  2:59  Marine x2, SCV  
  28  3:11  SCV  
  29  3:17  Bunker, Marine x2  
  31  3:23  Factory Tech Lab, SCV  
  32  3:29  SCV  
  33  3:35  Marine x2  
  33  3:36  SCV  
  33  3:38  Cloaking Field  
  33  3:39  Banshee  
  39  3:42  SCV  
  39  3:48  SCV  
  41  3:49  Supply Depot  
  41  3:54  SCV  
  42  3:59  Supply Depot  
  42  4:00  SCV  
  42  4:02  Marine x2  
  45  4:06  SCV  
  46  4:13  SCV  
  46  4:16  Command Center  
  46  4:19  SCV  
  46  4:22  Banshee  
  50  4:25  SCV  
  50  4:26  Siege Tank  
  54  4:31  SCV  
  54  4:37  SCV  
  56  4:39  Barracks  
  56  4:40  Barracks  
  56  4:43  SCV  
  57  4:46  Refinery x2  
  57  4:50  SCV  
  57  4:51  Engineering Bay  
  57  4:52  Engineering Bay  
  58  4:55  SCV  
  59  5:02  SCV  
  60  5:08  SCV  
  60  5:10  Marine  
  62  5:22  Terran Infantry Weapons Level 1, Terran Infantry Armor Level 1  
  62  5:25  Supply Depot  
  62  5:26  Supply Depot, SCV x2  
  66  5:31  Barracks Tech Lab x2  
  66  5:33  Siege Tank, Orbital Command  
  69  5:38  SCV x2  
  69  5:42  Barracks  
  69  5:43  Barracks  
  69  5:45  Starport Reactor  
  69  5:50  SCV x2  
  71  6:01  Marine  
  71  6:02  Marine x3  
  71  6:03  Stimpack, Combat Shields  
  75  6:06  SCV x2  
  75  6:08  Armory  
  74  6:19  Marine x2, SCV x2  
  74  6:20  Supply Depot  
  74  6:21  Marine  
  74  6:23  Supply Depot, Marine  
  80  6:26  Medivac  
  80  6:31  SCV, Orbital Command  
  80  6:37  Marine x2, SCV  
  83  6:41  Marine  
  83  6:42  Marine x2  
  83  6:43  Barracks Reactor, Siege Tank, SCV  
  90  6:49  SCV  
  90  6:52  Refinery, Barracks  
  90  6:53  Barracks  
  91  6:55  Marine x2, SCV  
  91  6:56  Barracks, SCV  
  91  6:58  Supply Depot  
  91  7:01  Barracks Reactor, SCV  
  96  7:02  Medivac  
  96  7:07  SCV  
  96  7:08  SCV  
  100  7:10  Refinery, Marauder, Marine  
  100  7:11  Bunker  
  100  7:12  Supply Depot  
  100  7:13  SCV  
  100  7:14  Marine  
  100  7:15  Marauder  
  107  7:17  Marine  
  107  7:21  Supply Depot  
  108  7:28  Marauder  
  110  7:30  Missile Turret  
  110  7:32  Marine, Marauder  
  110  7:34  Terran Infantry Armor Level 2, Marine, Terran Infantry Weapons Level 2  
  110  7:36  Marauder  
  116  7:42  Marine x2  
  116  7:43  Supply Depot, Marine  
  119  7:44  Supply Depot  
  119  7:45  Medivac  
  119  7:49  Marine  
  119  7:50  Marine  
  119  7:51  Marine x2  
  125  7:52  Marine  
  125  7:53  Marine, Medivac  
  125  7:58  Siege Tank, Marauder  
  131  7:59  Marine  
  131  8:00  Marine  
  131  8:01  Marine  
  137  8:07  Marine  
  137  8:08  Marine x2  
  137  8:09  Marine  
  137  8:10  Marine  
  137  8:11  Marauder  
  144  8:15  Command Center  
  144  8:17  Supply Depot, Marine  
  144  8:18  Marine  
  144  8:19  Supply Depot, Marauder  
  148  8:24  Marine  
  148  8:25  Marauder  
  148  8:26  Marine x3  
  154  8:28  Marine  
  154  8:31  Medivac  
  157  8:37  Marine  
  157  8:39  Marine, Medivac, Marauder  
  157  8:40  Marauder  
  164  8:42  Marine  
  164  8:44  Marine x3  
  164  8:47  Marauder  
  168  8:57  Marine  
  168  8:58  Marine x2  
  168  9:00  Marine  
  168  9:01  Marine  
  168  9:02  Terran Vehicle Weapons Level 1  
  173  9:12  Marine x3, Medivac, Siege Tank  
  173  9:13  Supply Depot, Marauder x2  
  173  9:14  Supply Depot  
  173  9:15  Marine x2  
  173  9:16  Marine  
  188  9:24  Ghost Academy  
  188  9:31  Marauder  
  190  9:34  Marauder  
  190  9:37  Marauder  
  190  9:38  Marine x6  
  199  9:51  Marine  
  199  9:52  Siege Tank, Marauder  
  200  9:59  Marine, Marauder  
  198  10:00  Marauder  
  198  10:05  Terran Infantry Weapons Level 3, Terran Infantry Armor Level 3  
  198  10:06  Marine  
  189  10:17  Barracks Tech Lab  
  189  10:18  Barracks Tech Lab x2  
  189  10:19  Concussive Shells  
  189  10:20  Medivac x2  
  192  10:33  Liberator x2  
  192  10:49  Marine x8, Marauder  
  184  10:50  Marine  
  168  11:07  Marine x8, Ghost  
  168  11:10  Marine  
  166  11:24  Marine  
  166  11:25  Marine x6  
  151  11:26  Marauder  
  151  11:28  Marine  
  153  11:35  Planetary Fortress  
  153  11:36  Marauder  
  152  11:42  Marine  
  152  11:43  Marine x5, Marauder  
  152  11:46  Marauder  
  152  11:47  Marine  
  142  11:58  Marauder  
  142  12:00  Marine  
  142  12:01  Marine x4, Marauder  
  151  12:04  Marine x2  
  151  12:07  Ghost  
  152  12:18  Ghost  
  152  12:22  Marauder  
  146  12:23  Marine x4, Marauder  
  146  12:24  Marine x2  
  150  12:36  Marine  
  145  12:41  Marine, Ghost  
  145  12:42  Marauder  
  150  12:52  Refinery x2  
  150  12:53  Ghost  
  150  12:55  Refinery  
  150  12:56  Refinery  
  152  12:58  Orbital Command  
  152  13:00  Orbital Command  
  152  13:03  Ghost x2  
  156  13:08  Ghost  
  148  13:15  Ghost  
  148  13:19  Ghost  
  152  13:24  Orbital Command  
  152  13:26  Ghost  
  152  13:31  Ghost  
  156  13:37  Ghost x2  
  156  13:40  Liberator  
  160  13:41  Liberator  
  160  13:43  Ghost  
  162  13:53  Ghost  
  162  13:55  Ghost  
  164  14:00  Ghost  
  174  14:08  Ghost  
  174  14:09  Ghost  
  178  14:15  Ghost  
  180  14:24  Ghost  
  180  14:27  Refinery, Liberator  
  180  14:28  Bunker  
  180  14:30  Refinery  
  182  14:39  Command Center  
  182  14:42  Starport  
  184  14:55  Liberator  
  184  15:00  Bunker  
  184  15:03  Supply Depot, Ghost x2  
  184  15:04  Ghost  
  184  15:05  Ghost  
  192  15:09  Liberator  
  198  15:40  Bunker, Ghost  
  200  16:03  Liberator x2  
  162  16:14  Liberator  
  145  16:21  Marine x2, Marauder  
  145  16:22  Marine, Marauder  
  145  16:23  Marine x2, Marauder x3  
  159  16:38  SCV x4  
  159  16:39  Marine  
  160  16:41  Marauder  
  160  16:43  Marauder, Ghost x2  
  160  16:46  Liberator  
  167  16:47  Ghost  
  167  16:49  Thor  
  167  16:50  SCV x3  
  175  17:00  Liberator x2  
  175  17:02  SCV  
  174  17:15  Ghost  
  174  17:16  Ghost x3  
  188  17:30  Ghost  
  188  17:33  Cyclone  
  193  17:39  Command Center  
  193  17:42  Marine  
  193  17:43  Marine x4  
  198  17:44  Marine  
  199  17:54  Marine  
  190  18:05  Hellbat  
  180  18:09  Ghost x2  
  177  18:17  Ghost x2  
  169  18:33  Ghost  
  146  18:34  Ghost  
  146  18:37  Ghost  
  150  18:47  Ghost  
  151  18:59  Ghost x2  
  155  19:14  Liberator  
  155  19:16  Liberator  
  155  19:18  Marine, Marauder x2  
  158  19:27  Marine x2, Marauder  
  158  19:28  Marine x2, Marauder  
  158  19:29  Marauder  
  158  19:30  Hellbat  
  173  19:36  Orbital Command  
  176  19:49  Marauder, Ghost x2  
  163  20:28  Orbital Command  
Show
View Real Time Build Order
Export as new Build Order

Dexter Zerg 

Build Orders: Hatch First 

Get SALT Encoding   

  12  0:01  Drone  
  13  0:12  Overlord  
  13  0:17  Drone  
  14  0:30  Drone x2  
  14  0:34  Drone  
  17  0:52  Hatchery  
  17  0:54  Drone  
  17  0:57  Drone  
  18  1:09  Extractor  
  17  1:13  Spawning Pool  
  17  1:15  Drone  
  17  1:18  Drone  
  18  1:28  Drone  
  19  1:39  Overlord  
  19  1:59  Queen  
  19  2:00  Zergling x4  
  23  2:03  Queen  
  23  2:04  Zergling x2  
  26  2:10  Metabolic Boost  
  26  2:12  Drone  
  26  2:15  Drone  
  28  2:22  Drone  
  29  2:30  Drone  
  29  2:37  Queen  
  31  2:45  Spore Crawler  
  31  2:47  Drone  
  31  2:48  Overlord, Queen  
  31  2:51  Drone  
  35  3:00  Overlord  
  35  3:07  Drone  
  35  3:10  Drone x2  
  35  3:11  Drone  
  39  3:16  Drone  
  39  3:17  Drone  
  41  3:20  Drone  
  41  3:21  Hatchery  
  41  3:25  Drone  
  42  3:31  Drone  
  43  3:36  Roach Warren  
  43  3:37  Drone  
  43  3:38  Drone  
  44  3:42  Overlord  
  44  3:45  Extractor, Drone  
  44  3:46  Extractor, Drone  
  44  3:47  Drone x2  
  46  3:52  Drone x2  
  48  4:03  Overlord  
  48  4:16  Roach x2  
  48  4:17  Roach x3  
  58  4:18  Lair  
  58  4:24  Overlord, Spore Crawler  
  58  4:25  Spore Crawler  
  58  4:27  Drone  
  58  4:29  Drone  
  58  4:34  Drone, Spore Crawler  
  58  4:35  Queen  
  58  4:36  Drone x2  
  62  4:44  Drone x2, Spore Crawler  
  62  4:45  Drone  
  64  4:48  Evolution Chamber  
  64  4:52  Evolution Chamber  
  61  4:55  Drone x3  
  63  5:02  Drone x3  
  64  5:08  Drone x3  
  66  5:17  Drone x3  
  66  5:18  Zerg Missile Weapons Level 1  
  66  5:23  Drone x2  
  66  5:24  Overseer  
  66  5:28  Drone x4  
  70  5:33  Zergling x4  
  74  5:38  Glial Reconstitution, Zerg Ground Armor Level 1  
  74  5:43  Overlord  
  74  5:44  Overlord  
  70  6:02  Drone x4  
  73  6:06  Extractor  
  73  6:07  Extractor  
  71  6:14  Drone x3  
  71  6:15  Overlord, Drone x3  
  71  6:16  Overlord x2  
  76  6:22  Drone x2  
  76  6:23  Drone x2  
  80  6:33  Overlord  
  80  6:37  Roach  
  80  6:38  Roach x2  
  80  6:39  Extractor  
  85  6:41  Overlord, Hatchery  
  85  6:44  Extractor  
  83  6:48  Roach  
  83  6:49  Roach x3  
  83  6:53  Extractor  
  88  6:54  Infestation Pit, Zergling x2  
  88  6:55  Zergling x8  
  88  7:00  Drone x4  
  96  7:07  Overlord x2  
  96  7:09  Queen  
  96  7:13  Zergling x2  
  96  7:14  Zergling x2  
  100  7:18  Overlord  
  100  7:28  Ravager x3  
  100  7:29  Ravager x6  
  109  7:30  Pathogen Glands  
  109  7:31  Drone x2  
  109  7:33  Drone x6  
  109  7:36  Zerg Ground Armor Level 2  
  109  7:37  Zerg Melee Weapons Level 1  
  117  7:47  Hive  
  117  7:49  Roach  
  117  7:50  Roach x5  
  129  7:56  Roach x4  
  136  8:02  Roach x4  
  144  8:06  Drone x3  
  144  8:08  Drone  
  144  8:09  Drone x2  
  150  8:19  Overlord x3  
  150  8:21  Drone x3  
  150  8:23  Infestor x2  
  150  8:26  Overlord  
  157  8:29  Overlord x2  
  157  8:44  Infestor  
  159  9:09  Ultralisk Cavern  
  153  9:11  Adrenal Glands  
  153  9:12  Zergling x28  
  153  9:13  Zergling x4  
  169  9:22  Overseer  
  169  9:25  Zergling x10  
  169  9:28  Hatchery  
  161  10:00  Ultralisk x7  
  188  10:15  Chitinous Plating  
  188  10:18  Ultralisk  
  188  10:21  Zergling x4  
  194  10:22  Overlord  
  194  10:23  Overlord  
  193  10:35  Overlord  
  168  10:53  Ultralisk  
  168  10:54  Ultralisk x2  
  164  10:59  Ultralisk  
  158  11:07  Ultralisk  
  158  11:13  Zergling x2  
  158  11:14  Zergling x34  
  174  11:19  Infestor  
  168  11:29  Zergling x2  
  168  11:30  Zergling x10  
  152  11:41  Ultralisk  
  150  11:54  Ultralisk  
  150  12:01  Hatchery  
  146  12:12  Hatchery  
  130  12:25  Ultralisk  
  115  12:33  Ultralisk  
  115  12:34  Zergling x2  
  115  12:35  Zergling x14  
  129  12:42  Extractor  
  129  12:43  Extractor  
  129  12:44  Zergling x2  
  128  12:49  Zergling x6  
  131  12:58  Drone x2  
  132  13:08  Ultralisk x2  
  144  13:22  Infestor  
  146  13:32  Zergling x4  
  146  13:33  Zergling x30  
  163  13:37  Drone x2  
  165  13:47  Ultralisk x2  
  177  13:48  Overlord x2  
  177  13:56  Drone  
  177  13:57  Drone x2  
  177  13:59  Infestor x2  
  184  14:08  Spire  
  183  14:12  Drone x2  
  183  14:25  Ultralisk  
  195  14:33  Zerg Ground Armor Level 3  
  189  14:47  Infestor  
  187  15:18  Queen  
  189  15:25  Corruptor  
  189  15:26  Corruptor x4  
  199  15:40  Zerg Flyer Weapons Level 1  
  199  15:41  Zerg Melee Weapons Level 2  
  198  15:44  Extractor  
  198  15:45  Hatchery  
  198  15:49  Extractor  
  195  15:54  Hatchery  
  185  16:10  Ultralisk x7  
  170  16:12  Zergling x26  
  170  16:16  Infestor  
  163  16:30  Ultralisk  
  163  16:39  Ultralisk  
  166  16:47  Infestor x2  
  167  16:55  Zergling x14  
  170  17:07  Ultralisk  
  174  17:15  Ultralisk  
  167  17:20  Drone x5  
  172  17:31  Zergling x16  
  172  17:36  Corruptor  
  180  17:44  Corruptor  
  179  17:59  Ultralisk x2  
  179  18:05  Infestor x2  
  175  18:14  Zergling x16  
  167  18:30  Ultralisk  
  154  18:35  Corruptor  
  154  18:36  Corruptor  
  158  18:47  Zergling x10  
  158  18:48  Zergling x2  
  164  18:53  Corruptor  
  166  19:02  Corruptor  
  168  19:13  Drone x5  
  172  19:27  Corruptor x3  
  175  19:34  Corruptor  
  177  19:42  Corruptor  
  179  19:55  Corruptor x2  
  182  20:05  Corruptor x2  
  184  20:11  Corruptor  
Tags
 
Add a new tag
Caveats
  • Supply blocks, unpowered buildings, or Contaminate may cause inaccurate times.
  • Supply counts are checked every 10 seconds.